Crunch vs Admirals

Created - April 16, 2023 at 22:24

Goals
1 2 3 T
Crunch 1 1 1 3
Admirals 2 0 0 2
Shots
1 2 3 T
Crunch 11 9 15 35
Admirals 13 14 8 35

1st period

1. Crunch , Brendan Guhle 5 (Roland McKeown 29, Sam Bennett 19) at 11:25 (PP)
2. Admirals , Anton Gustafsson 25 (Ian Mitchell 3, Olli Juolevi 6) at 14:32 (PP)
3. Admirals , Anton Gustafsson 26 (Joel Armia 34, Travis Dermott 40) at 17:38 (PP)

Penalties :
Anton Gustafsson (Mil) for Elbowing (Minor) at 11:18, Michael Ferland (Syr) for Interference (Minor) at 12:54, Jordan Oesterle (Syr) for Kneeing (Minor) at 17:27

2nd period

4. Crunch , Jeremy Bracco 10 (Anthony Cirelli 35, Sam Bennett 20) at 1:59

Penalties :
No Penalty

3rd period

5. Crunch , Rem Pitlick 10 (Sam Bennett 21) at 12:33 (PP)

Penalties :
Lucas Wallmark (Mil) for Elbowing (Minor) at 1:52, Reilly Walsh (Mil) for Holding Stick (Minor) at 12:25, Rem Pitlick (Syr) for Hooking (Minor) at 13:14, Joel Vermin (Syr) for High sticking (Minor) at 16:49

Goalie Stats

Kaapo Kahkonen (Syr), 33 saves from 35 shots - (0.943), W, 20-20-3, 60:00 minutes
Felix Sanstrom (Mil), 32 saves from 35 shots - (0.914), L, 8-9-1, 59:02 minutes

Players Stats for Crunch

Player Name              G  A  P  +/- PIM S  H  SB GA TA FO     MP     PP MP  PK MP  
------------------------------------------------------------------------------------
Anatoli Golyshev         0  0  0   0  0   2  1  0  0  0  0/0     7:42   0:00   0:00 
Anthony Cirelli          0  1  1   1  0   2  0  2  0  0  1/3    23:08   1:17   3:44 
Brandon Hagel            0  0  0   0  0   1  3  0  1  0  1/1    13:59   0:00   1:19 
Brendan Guhle            1  0  1   1  0   3  3  5  0  0  0/0    28:46   1:02   3:23 
Christoffer Ehn          0  0  0   0  0   1  0  0  1  1  7/12   15:35   0:57   1:08 
Connor Bunnaman          0  0  0   0  0   0  0  1  0  0  1/4     7:42   0:00   0:00 
Jacob Josefson           0  0  0   0  0   3  1  0  1  1  4/11   12:40   0:00   0:00 
Jeremy Bracco            1  0  1   1  0   6  2  0  0  0  2/2    18:28   0:57   0:00 
Jeremy Lauzon            0  0  0   0  0   0  0  1  0  0  0/0    10:41   0:00   0:00 
Joel Vermin              0  0  0   0  2   5  1  0  0  0  0/1    13:17   0:00   0:00 
Jordan Oesterle          0  0  0   0  2   0  1  1  0  1  0/0    20:32   1:12   2:24 
Max McCormick            0  0  0   0  0   0  2  1  0  0  0/0     7:42   0:00   0:00 
Michael Ferland          0  0  0   0  2   2  0  1  2  0  0/1    16:04   0:57   1:38 
Noah Hanifin             0  0  0   0  0   1  1  1  1  0  0/0    20:33   1:12   2:24 
Rem Pitlick              1  0  1   0  2   5  0  0  2  0  0/0    14:44   1:17   0:00 
Roland McKeown           0  1  1   1  0   2  1  5  0  2  0/0    28:46   1:02   3:23 
Sam Bennett              0  3  3   1  0   2  3  1  1  0  21/40  23:09   1:17   3:45 
Sean Walker              0  0  0   0  0   0  1  1  0  1  0/0    10:41   0:00   0:00 

Players Stats for Admirals

Player Name              G  A  P  +/- PIM S  H  SB GA TA FO     MP     PP MP  PK MP  
------------------------------------------------------------------------------------
Andreas Englund          0  0  0  -1  0   0  0  1  0  0  0/0    16:31   0:00   1:13 
Anton Gustafsson         2  0  2   0  2   6  1  0  2  1  20/34  21:33   3:19   0:09 
Brett Connolly           0  0  0   0  0   4  1  0  0  0  0/0     7:36   0:00   0:00 
Christian Djoos          0  0  0   0  0   1  1  0  0  1  0/0     6:44   0:00   0:08 
Hunter Shinkaruk         0  0  0  -1  0   1  3  1  0  0  0/1    18:15   2:28   0:42 
Ian Mitchell             0  1  1  -1  0   1  0  2  1  0  0/0    18:02   2:06   0:00 
Joel Armia               0  1  1   0  0   3  3  0  0  2  0/0    21:01   3:19   0:00 
Joni Ikonen              0  0  0   0  0   0  0  0  0  0  2/5     7:21   0:00   0:00 
Josh Norris              0  0  0   0  0   0  1  3  0  1  3/10   14:34   2:28   0:54 
Josh Wesley              0  0  0   0  0   1  0  1  0  0  0/0     6:36   0:00   0:00 
Kristian Vesalainen      0  0  0   0  0   0  2  0  0  0  0/1     7:21   0:00   0:00 
Lucas Wallmark           0  0  0  -1  2   4  3  0  0  0  12/21  15:58   0:00   0:15 
Mark McNeill             0  0  0  -1  0   2  1  0  1  1  0/0    16:43   0:00   1:23 
Markus Granlund          0  0  0   0  0   4  1  0  0  1  0/2    22:30   3:19   1:05 
Mattias Backman          0  0  0   0  0   0  0  0  0  0  0/0     0:00   0:00   0:00 
Nolan Vesey              0  0  0   0  0   4  1  0  1  0  1/1    11:12   0:00   0:00 
Olli Juolevi             0  1  1   0  0   0  0  1  0  0  0/0    12:24   2:06   0:00 
Reilly Walsh             0  0  0   0  2   0  0  1  0  0  0/0    10:44   0:00   1:05 
Riley Barber             0  0  0   0  0   1  1  0  0  0  0/0    13:40   2:28   0:00 
T.J Brodie               0  0  0   0  0   2  0  0  1  1  0/0    24:29   3:41   1:01 
Travis Dermott           0  1  1   0  0   1  0  1  0  1  0/0    24:29   3:41   1:01 

3 Stars

1 - Sam Bennett (Syr)
2 - Brendan Guhle (Syr)
3 - Anton Gustafsson (Mil)

Power Play

Crunch - 2 on 3 Attempt(s) - 66.67%
Admirals - 2 on 4 Attempt(s) - 50.00%

Penalty Kill

Crunch - 2 on 4 Attempt(s) - 50.00% - Score 0 goal in Penalty Kill
Admirals - 1 on 3 Attempt(s) - 33.33% - Score 0 goal in Penalty Kill

Team Stat

Crunch - Hits : 20 - Faceoff Wins : 37 - Blocked Shots : 20 - Penalty Minutes : 8
Admirals - Hits : 19 - Faceoff Wins : 38 - Blocked Shots : 11 - Penalty Minutes : 6

Official

Referees : Steve Kozari and Marc Joannette
Linesman : Matt MacPherson and Trent Knorr

Game Notes

No Game Note

Finance

Level 1 -- Attendance: 1811 (90.55%) -- Ticket Income $63,385
Level 2 -- Attendance: 916 (91.60%) -- Ticket Income $13,740
Total Attendance: 2727 (90.90%)
Total Ticket Income: $77,125
Other Income: $3,856
Total Income: $80,981

Crunch

5 vs 5 Forward 
   Center                   Left Wing                Right Wing               Time % Phy DF OF 
 1 Sam Bennett              Anthony Cirelli          Jeremy Bracco            40     1   2  2  
 2 Christoffer Ehn          Michael Ferland          Rem Pitlick              30     1   2  2  
 3 Jacob Josefson           Brandon Hagel            Joel Vermin              20     1   2  2  
 4 Connor Bunnaman          Anatoli Golyshev         Max McCormick            10     1   2  2  

5 vs 5 Defense 
   Defense                  Defense                                           Time % Phy DF OF 
 1 Roland McKeown           Brendan Guhle                                     40     1   2  2  
 2 Noah Hanifin             Jordan Oesterle                                   30     1   2  2  
 3 Jeremy Lauzon            Sean Walker                                       20     1   2  2  
 4 Roland McKeown           Brendan Guhle                                     10     1   2  2  

PowerPlay Forward 
   Center                   Left Wing                Right Wing               Time % Phy DF OF 
 1 Sam Bennett              Anthony Cirelli          Rem Pitlick              60     1   2  2  
 2 Christoffer Ehn          Michael Ferland          Jeremy Bracco            40     1   2  2  

PowerPlay Defense
   Defense                  Defense                                           Time % Phy DF OF 
 1 Roland McKeown           Brendan Guhle                                     60     1   2  2  
 2 Noah Hanifin             Jordan Oesterle                                   40     1   2  2  

Penalty Kill 4 Players Forward 
   Center                   Wing                     Time % Phy DF OF 
 1 Sam Bennett              Anthony Cirelli          60     1   2  2  
 2 Christoffer Ehn          Michael Ferland          40     1   2  2  

Penalty Kill 4 Players Defense
   Defense                  Defense                  Time % Phy DF OF 
 1 Roland McKeown           Brendan Guhle            60     1   2  2  
 2 Noah Hanifin             Jordan Oesterle          40     1   2  2  

Penalty Kill - 3 Players Forward 
   Forward                                           Time % Phy DF OF 
 1 Sam Bennett                                       60     1   2  2  
 2 Christoffer Ehn                                   40     1   2  2  

Penalty Kill - 3 Players Defense
   Defense                  Defense                  Time % Phy DF OF 
 1 Roland McKeown           Brendan Guhle            60     1   2  2  
 2 Noah Hanifin             Jordan Oesterle          40     1   2  2  

4 vs 4 Forward 
   Center                   Wing                     Time % Phy DF OF 
 1 Sam Bennett              Anthony Cirelli          60     1   2  2  
 2 Christoffer Ehn          Michael Ferland          40     1   2  2  

4 vs 4 Defense
   Defense                  Defense                  Time % Phy DF OF 
 1 Roland McKeown           Brendan Guhle            60     1   2  2  
 2 Noah Hanifin             Jordan Oesterle          40     1   2  2  

Last Minutes Offensive
   Center                   Left Wing                Right Wing               Defense                  Defense                  
   Sam Bennett              Anthony Cirelli          Rem Pitlick              Roland McKeown           Brendan Guhle            

Last Minutes Defensive
   Center                   Left Wing                Right Wing               Defense                  Defense                  
   Sam Bennett              Anthony Cirelli          Joel Vermin              Roland McKeown           Brendan Guhle            

Goaltenders
Starting : Kaapo Kahkonen           
Backup : Jordan Binnington        

Extra Forwards
Normal : Brandon Hagel, Jacob Josefson, Joel Vermin - PP : Brandon Hagel, Jacob Josefson - PK : Brandon Hagel
Extra Defensemen
Normal : Jordan Oesterle, Jeremy Lauzon, Sean Walker - PP : Jordan Oesterle - PK : Jordan Oesterle, Jeremy Lauzon
Penalty Shots
Sam Bennett, Anthony Cirelli, Christoffer Ehn, Michael Ferland, Brandon Hagel

Scratches
Axel Holmstrom (Healthy), Blake Lizotte (Healthy), Charles-Olivier Roussel (Healthy), Michael Downing (Healthy), Nikita Gusev (Healthy)
Blake Hillman (Healthy), Josef Korenar (Healthy)

Admirals

5 vs 5 Forward 
   Center                   Left Wing                Right Wing               Time % Phy DF OF 
 1 Anton Gustafsson         Markus Granlund          Joel Armia               40     1   2  2  
 2 Lucas Wallmark           Hunter Shinkaruk         Mark McNeill             30     1   2  2  
 3 Josh Norris              Nolan Vesey              Riley Barber             20     1   2  2  
 4 Joni Ikonen              Kristian Vesalainen      Brett Connolly           10     1   2  2  

5 vs 5 Defense 
   Defense                  Defense                                           Time % Phy DF OF 
 1 T.J Brodie               Travis Dermott                                    40     1   2  2  
 2 Andreas Englund          Ian Mitchell                                      30     1   2  2  
 3 Reilly Walsh             Olli Juolevi                                      20     1   2  2  
 4 Christian Djoos          Josh Wesley                                       10     1   2  2  

PowerPlay Forward 
   Center                   Left Wing                Right Wing               Time % Phy DF OF 
 1 Anton Gustafsson         Markus Granlund          Joel Armia               60     1   1  3  
 2 Josh Norris              Hunter Shinkaruk         Riley Barber             40     1   1  3  

PowerPlay Defense
   Defense                  Defense                                           Time % Phy DF OF 
 1 T.J Brodie               Travis Dermott                                    60     1   1  3  
 2 Olli Juolevi             Ian Mitchell                                      40     1   1  3  

Penalty Kill 4 Players Forward 
   Center                   Wing                     Time % Phy DF OF 
 1 Lucas Wallmark           Mark McNeill             60     1   2  2  
 2 Anton Gustafsson         Riley Barber             40     1   2  2  

Penalty Kill 4 Players Defense
   Defense                  Defense                  Time % Phy DF OF 
 1 Andreas Englund          Reilly Walsh             60     1   3  1  
 2 T.J Brodie               Travis Dermott           40     1   3  1  

Penalty Kill - 3 Players Forward 
   Forward                                           Time % Phy DF OF 
 1 Mark McNeill                                      60     1   2  2  
 2 Lucas Wallmark                                    40     1   2  2  

Penalty Kill - 3 Players Defense
   Defense                  Defense                  Time % Phy DF OF 
 1 Andreas Englund          Reilly Walsh             60     1   2  2  
 2 T.J Brodie               Travis Dermott           40     1   2  2  

4 vs 4 Forward 
   Center                   Wing                     Time % Phy DF OF 
 1 Anton Gustafsson         Markus Granlund          60     1   2  2  
 2 Lucas Wallmark           Hunter Shinkaruk         40     1   2  2  

4 vs 4 Defense
   Defense                  Defense                  Time % Phy DF OF 
 1 T.J Brodie               Travis Dermott           60     1   2  2  
 2 Andreas Englund          Ian Mitchell             40     1   2  2  

Last Minutes Offensive
   Center                   Left Wing                Right Wing               Defense                  Defense                  
   Anton Gustafsson         Markus Granlund          Joel Armia               T.J Brodie               Travis Dermott           

Last Minutes Defensive
   Center                   Left Wing                Right Wing               Defense                  Defense                  
   Lucas Wallmark           Markus Granlund          Mark McNeill             Andreas Englund          Reilly Walsh             

Goaltenders
Starting : Felix Sanstrom           
Backup : Tristan Jarry            

Extra Forwards
Normal : Josh Norris, Lucas Wallmark, Brett Connolly - PP : Mark McNeill, Nolan Vesey - PK : Markus Granlund
Extra Defensemen
Normal : Olli Juolevi, Reilly Walsh, Ian Mitchell - PP : Olli Juolevi - PK : Christian Djoos, Reilly Walsh
Penalty Shots
Markus Granlund, Joel Armia, Josh Norris, Anton Gustafsson, Hunter Shinkaruk

Scratches
Alexandre Mallet (Healthy), Carl Dahlstrom (Healthy), Filip Chlapik (Healthy), Freddie Hamilton (Healthy), Mark MacMillan (Healthy)
Ryan Olsen (Healthy), Sergei Zborovskiy (Healthy), Stanislav Galiev (Healthy), Troy Bourke (Healthy), Kasper Bjorkqvist (Left Wrist Injury)
Carsen Twarynski (Healthy), Libor Hajek (Healthy), Linus Ullmark (Healthy)

% Time on Ice - Crunch

Lines # - Real PCT - Wanted PCT - Time Play
Normal Forward
1 - 36% - 40% - 18:25
2 - 26% - 30% - 13:12
3 - 24% - 20% - 12:07
4 - 15% - 10% - 7:42
Normal Defense
1 - 39% - 40% - 20:15
2 - 33% - 30% - 16:57
3 - 21% - 20% - 10:41
4 - 7% - 10% - 3:33
PP Forward
1 - 57% - 60% - 1:17
2 - 43% - 40% - 0:57
PP Defense
1 - 46% - 60% - 1:02
2 - 54% - 40% - 1:12
PK Forward
1 - 86% - 60% - 5:00
2 - 14% - 40% - 0:47
PK Defense
1 - 59% - 60% - 3:23
2 - 41% - 40% - 2:24
PK3 Forward
1 - 0% - 60%
2 - 0% - 40%
PK3 Defense
1 - 0% - 60%
2 - 0% - 40%
44 Forward
1 - 0% - 60%
2 - 0% - 40%
44 Defense
1 - 0% - 60%
2 - 0% - 40%
Last Minute Offensive  - 0:00
Last Minute Defensive  - 0:33
Total
Forward - 60:00
Defense - 60:00

% Time on Ice - Admirals

Lines # - Real PCT - Wanted PCT - Time Play
Normal Forward
1 - 33% - 40% - 16:56
2 - 30% - 30% - 15:20
3 - 22% - 20% - 11:12
4 - 14% - 10% - 7:21
Normal Defense
1 - 38% - 40% - 19:06
2 - 30% - 30% - 15:27
3 - 19% - 20% - 9:40
4 - 13% - 10% - 6:36
PP Forward
1 - 57% - 60% - 3:19
2 - 43% - 40% - 2:28
PP Defense
1 - 64% - 60% - 3:41
2 - 36% - 40% - 2:06
PK Forward
1 - 100% - 60% - 2:14
2 - 0% - 40% - 0:00
PK Defense
1 - 54% - 60% - 1:13
2 - 46% - 40% - 1:01
PK3 Forward
1 - 0% - 60%
2 - 0% - 40%
PK3 Defense
1 - 0% - 60%
2 - 0% - 40%
44 Forward
1 - 0% - 60%
2 - 0% - 40%
44 Defense
1 - 0% - 60%
2 - 0% - 40%
Last Minute Offensive  - 1:10
Last Minute Defensive  - 0:00
Total
Forward - 60:00
Defense - 60:00

Play-by-Play

1st period


0:01 of 1st period - Anton Gustafsson wins face-off versus Sam Bennett in neutral zone.
0:37 of 1st period - Wrist shot by Michael Ferland.
0:37 of 1st period - Stopped by Felix Sanstrom with a rebound.
0:39 of 1st period - Snap shot by Brendan Guhle.
0:39 of 1st period - Shot Misses the Net.
1:21 of 1st period - Wrist shot by Brett Connolly.
1:21 of 1st period - Stopped by Kaapo Kahkonen with a rebound.
1:35 of 1st period - Snap shot by Jeremy Bracco.
1:35 of 1st period - Stopped by Felix Sanstrom with a rebound.
1:38 of 1st period - Icing by Olli Juolevi.
1:39 of 1st period - Christoffer Ehn wins face-off versus Anton Gustafsson in Admirals zone.
1:50 of 1st period - Snap shot by Michael Ferland.
1:50 of 1st period - Shot Misses the Net.
2:11 of 1st period - Slapshot by Hunter Shinkaruk.
2:11 of 1st period - Shot Blocked by Jeremy Lauzon.
2:29 of 1st period - Brendan Guhle is hit by Nolan Vesey and loses puck.
2:47 of 1st period - Icing by Brendan Guhle.
2:48 of 1st period - Jacob Josefson wins face-off versus Joni Ikonen in Crunch zone.
3:47 of 1st period - Slapshot by Noah Hanifin.
3:47 of 1st period - Shot Blocked by Josh Wesley.
4:03 of 1st period - Snap shot by Joni Ikonen.
4:03 of 1st period - Shot Blocked by Jordan Oesterle.
4:05 of 1st period - Slapshot by Josh Wesley.
4:05 of 1st period - Stopped by Kaapo Kahkonen with a rebound.
4:15 of 1st period - Snap shot by Joni Ikonen.
4:15 of 1st period - Shot Misses the Net.
4:19 of 1st period - Wrist shot by Brett Connolly.
4:19 of 1st period - Stopped by Kaapo Kahkonen without a rebound.
4:20 of 1st period - Sam Bennett wins face-off versus Anton Gustafsson in Crunch zone.
5:33 of 1st period - Wrist shot by Hunter Shinkaruk.
5:33 of 1st period - Shot Misses the Net.
6:36 of 1st period - Andreas Englund is hit by Max McCormick.
7:51 of 1st period - Roland McKeown is hit by Joel Armia and loses puck.
8:08 of 1st period - Snap shot by Jacob Josefson.
8:08 of 1st period - Stopped by Felix Sanstrom without a rebound.
8:09 of 1st period - Lucas Wallmark wins face-off versus Anthony Cirelli in Admirals zone.
8:44 of 1st period - Snap shot by Anton Gustafsson.
8:44 of 1st period - Shot Misses the Net.
9:06 of 1st period - Slapshot by Andreas Englund.
9:06 of 1st period - Deflect By Brett Connolly.
9:06 of 1st period - Stopped by Kaapo Kahkonen without a rebound.
9:07 of 1st period - Sam Bennett wins face-off versus Anton Gustafsson in Crunch zone.
9:14 of 1st period - T.J Brodie is hit by Sam Bennett and loses puck.
9:20 of 1st period - Off-side.
9:21 of 1st period - Lucas Wallmark wins face-off versus Sam Bennett in neutral zone.
9:28 of 1st period - Wrist shot by Hunter Shinkaruk.
9:28 of 1st period - Shot Misses the Net.
9:36 of 1st period - Wrist shot by Mark McNeill.
9:36 of 1st period - Deflect By Lucas Wallmark.
9:36 of 1st period - Stopped by Kaapo Kahkonen without a rebound.
9:37 of 1st period - Christoffer Ehn wins face-off versus Anton Gustafsson in Crunch zone.
10:11 of 1st period - Sam Bennett is hit by Hunter Shinkaruk and loses puck.
10:28 of 1st period - Andreas Englund is hit by Joel Vermin and loses puck.
10:53 of 1st period - Slapshot by Anatoli Golyshev.
10:53 of 1st period - Shot Blocked by Reilly Walsh.
10:55 of 1st period - Slapshot by Roland McKeown.
10:55 of 1st period - Stopped by Felix Sanstrom without a rebound.
10:56 of 1st period - Sam Bennett wins face-off versus Anton Gustafsson in Admirals zone.
10:59 of 1st period - Slapshot by Sam Bennett.
10:59 of 1st period - Shot Misses the Net.
11:01 of 1st period - Snap shot by Anthony Cirelli.
11:01 of 1st period - Deflect By Anton Gustafsson.
11:01 of 1st period - Shot Misses the Net.
11:01 of 1st period - Puck is out of play.
11:02 of 1st period - Anton Gustafsson wins face-off versus Sam Bennett in Admirals zone.
11:18 of 1st period - Minor Penalty to Anton Gustafsson for Elbowing.
11:19 of 1st period - Sam Bennett wins face-off versus Lucas Wallmark in Admirals zone.
11:21 of 1st period - Snap shot by Sam Bennett.
11:21 of 1st period - Stopped by Felix Sanstrom with a rebound.
11:23 of 1st period - Slapshot by Roland McKeown.
11:23 of 1st period - Stopped by Felix Sanstrom with a rebound.
11:25 of 1st period - Slapshot by Brendan Guhle.
11:25 of 1st period - Goal by Brendan Guhle - Crunch : 1 - Admirals : 0.
11:26 of 1st period - Anton Gustafsson wins face-off versus Sam Bennett in neutral zone.
11:37 of 1st period - Slapshot by Anton Gustafsson.
11:37 of 1st period - Shot Blocked by Roland McKeown.
11:51 of 1st period - Lucas Wallmark is hit by Brendan Guhle and loses puck.
12:12 of 1st period - Snap shot by Brandon Hagel.
12:12 of 1st period - Shot Blocked by Josh Norris.
12:18 of 1st period - Wrist shot by Josh Norris.
12:18 of 1st period - Deflect By Riley Barber.
12:18 of 1st period - Stopped by Kaapo Kahkonen without a rebound.
12:19 of 1st period - Anton Gustafsson wins face-off versus Sam Bennett in Crunch zone.
12:20 of 1st period - Wrist shot by Markus Granlund.
12:20 of 1st period - Shot Misses the Net.
12:28 of 1st period - Snap shot by Markus Granlund.
12:28 of 1st period - Stopped by Kaapo Kahkonen without a rebound.
12:29 of 1st period - Sam Bennett wins face-off versus Anton Gustafsson in Crunch zone.
12:50 of 1st period - Snap shot by Joel Armia.
12:50 of 1st period - Stopped by Kaapo Kahkonen without a rebound.
12:51 of 1st period - Christoffer Ehn wins face-off versus Hunter Shinkaruk in Crunch zone.
12:51 of 1st period - Christoffer Ehn is hit by Hunter Shinkaruk.
12:54 of 1st period - Minor Penalty to Michael Ferland for Interference.
12:55 of 1st period - Sam Bennett wins face-off versus Anton Gustafsson in Crunch zone.
13:07 of 1st period - Snap shot by Anton Gustafsson.
13:07 of 1st period - Shot Hit the Post.
13:09 of 1st period - Wrist shot by Anton Gustafsson.
13:09 of 1st period - Shot Misses the Net.
13:11 of 1st period - Slapshot by T.J Brodie.
13:11 of 1st period - Stopped by Kaapo Kahkonen without a rebound.
13:12 of 1st period - Sam Bennett wins face-off versus Anton Gustafsson in Crunch zone.
13:21 of 1st period - Sam Bennett is hit by Markus Granlund and loses puck.
13:39 of 1st period - Icing by T.J Brodie.
13:40 of 1st period - Sam Bennett wins face-off versus Josh Norris in Admirals zone.
13:46 of 1st period - Icing by T.J Brodie.
13:47 of 1st period - Sam Bennett wins face-off versus Josh Norris in Admirals zone.
14:13 of 1st period - Off-side.
14:14 of 1st period - Anton Gustafsson wins face-off versus Christoffer Ehn in neutral zone.
14:18 of 1st period - Off-side.
14:19 of 1st period - Anton Gustafsson wins face-off versus Sam Bennett in neutral zone.
14:22 of 1st period - Wrist shot by Joel Armia.
14:22 of 1st period - Shot Blocked by Roland McKeown.
14:24 of 1st period - Slapshot by Ian Mitchell.
14:24 of 1st period - Shot Blocked by Roland McKeown.
14:26 of 1st period - Wrist shot by Joel Armia.
14:26 of 1st period - Shot Misses the Net.
14:28 of 1st period - Snap shot by Ian Mitchell.
14:28 of 1st period - Stopped by Kaapo Kahkonen with a rebound.
14:30 of 1st period - Slapshot by Olli Juolevi.
14:30 of 1st period - Shot Blocked by Brendan Guhle.
14:32 of 1st period - Slapshot by Ian Mitchell.
14:32 of 1st period - Deflect By Anton Gustafsson.
14:32 of 1st period - Goal by Anton Gustafsson - Crunch : 1 - Admirals : 1.
14:33 of 1st period - Anton Gustafsson wins face-off versus Sam Bennett in neutral zone.
14:38 of 1st period - Markus Granlund is hit by Jeremy Bracco and loses puck.
14:49 of 1st period - Snap shot by Jeremy Bracco.
14:49 of 1st period - Stopped by Felix Sanstrom without a rebound.
14:50 of 1st period - Christoffer Ehn wins face-off versus Lucas Wallmark in Admirals zone.
14:51 of 1st period - Snap shot by Michael Ferland.
14:51 of 1st period - Shot Misses the Net.
14:59 of 1st period - Roland McKeown is hit by Mark McNeill and loses puck.
15:06 of 1st period - Wrist shot by Lucas Wallmark.
15:06 of 1st period - Shot Misses the Net.
15:23 of 1st period - Snap shot by Joel Armia.
15:23 of 1st period - Shot Blocked by Brendan Guhle.
15:47 of 1st period - Jordan Oesterle is hit by Riley Barber and loses puck.
15:58 of 1st period - Travis Dermott is hit by Brandon Hagel and loses puck.
16:05 of 1st period - Snap shot by Brandon Hagel.
16:05 of 1st period - Stopped by Felix Sanstrom without a rebound.
16:06 of 1st period - Christoffer Ehn wins face-off versus Lucas Wallmark in Admirals zone.
16:31 of 1st period - Anthony Cirelli is hit by Anton Gustafsson and loses puck.
16:40 of 1st period - Slapshot by Brendan Guhle.
16:40 of 1st period - Shot Misses the Net.
16:54 of 1st period - Snap shot by Jacob Josefson.
16:54 of 1st period - Stopped by Felix Sanstrom without a rebound.
16:55 of 1st period - Christoffer Ehn wins face-off versus Josh Norris in Admirals zone.
17:22 of 1st period - Wrist shot by Nolan Vesey.
17:22 of 1st period - Stopped by Kaapo Kahkonen with a rebound.
17:27 of 1st period - Minor Penalty to Jordan Oesterle for Kneeing.
17:28 of 1st period - Anton Gustafsson wins face-off versus Sam Bennett in Crunch zone.
17:34 of 1st period - Snap shot by Joel Armia.
17:34 of 1st period - Shot Hit the Post.
17:36 of 1st period - Slapshot by Travis Dermott.
17:36 of 1st period - Shot Blocked by Sam Bennett.
17:38 of 1st period - Wrist shot by Joel Armia.
17:38 of 1st period - Deflect By Anton Gustafsson.
17:38 of 1st period - Goal by Anton Gustafsson - Crunch : 1 - Admirals : 2.
17:39 of 1st period - Anton Gustafsson wins face-off versus Sam Bennett in neutral zone.
18:06 of 1st period - Christoffer Ehn is hit by Lucas Wallmark.
18:24 of 1st period - Slapshot by Travis Dermott.
18:24 of 1st period - Shot Blocked by Sean Walker.
18:26 of 1st period - Slapshot by T.J Brodie.
18:26 of 1st period - Shot Misses the Net.
18:28 of 1st period - Backhand shot by T.J Brodie.
18:28 of 1st period - Deflect By Josh Norris.
18:28 of 1st period - Shot Misses the Net.
18:28 of 1st period - Puck is out of play.
18:29 of 1st period - Josh Norris wins face-off versus Sam Bennett in Crunch zone.
18:35 of 1st period - Off-side.
18:36 of 1st period - Anton Gustafsson wins face-off versus Sam Bennett in neutral zone.
18:43 of 1st period - Slapshot by Anton Gustafsson.
18:43 of 1st period - Shot Misses the Net.
19:02 of 1st period - Rem Pitlick is hit by Lucas Wallmark and loses puck.
19:07 of 1st period - Snap shot by Mark McNeill.
19:07 of 1st period - Shot Blocked by Brendan Guhle.
19:09 of 1st period - Slapshot by Reilly Walsh.
19:09 of 1st period - Shot Misses the Net.
19:11 of 1st period - Slapshot by Olli Juolevi.
19:11 of 1st period - Shot Misses the Net.
19:33 of 1st period - Backhand shot by Joel Vermin.
19:33 of 1st period - Stopped by Felix Sanstrom without a rebound.
19:34 of 1st period - Jeremy Bracco wins face-off versus Anton Gustafsson in Admirals zone.
19:47 of 1st period - Markus Granlund is hit by Sam Bennett and loses puck.
Goals for this period are 1 for Crunch vs 2 for Admirals.
Shots for this period are 11 for Crunch vs 13 for Admirals.

2nd period


0:01 of 2nd period - Anton Gustafsson wins face-off versus Sam Bennett in neutral zone.
0:04 of 2nd period - Wrist shot by Joel Armia.
0:04 of 2nd period - Stopped by Kaapo Kahkonen without a rebound.
0:05 of 2nd period - Anton Gustafsson wins face-off versus Sam Bennett in Crunch zone.
0:10 of 2nd period - Slapshot by Anton Gustafsson.
0:10 of 2nd period - Shot Misses the Net.
0:12 of 2nd period - Slapshot by Markus Granlund.
0:12 of 2nd period - Shot Misses the Net.
0:14 of 2nd period - Wrist shot by Andreas Englund.
0:14 of 2nd period - Shot Blocked by Noah Hanifin.
0:51 of 2nd period - Off-side.
0:52 of 2nd period - Josh Norris wins face-off versus Jacob Josefson in neutral zone.
1:07 of 2nd period - Slapshot by Riley Barber.
1:07 of 2nd period - Shot Misses the Net.
1:23 of 2nd period - Snap shot by Anthony Cirelli.
1:23 of 2nd period - Stopped by Felix Sanstrom without a rebound.
1:24 of 2nd period - Anton Gustafsson wins face-off versus Sam Bennett in Admirals zone.
1:40 of 2nd period - Wrist shot by Jeremy Bracco.
1:40 of 2nd period - Stopped by Felix Sanstrom without a rebound.
1:41 of 2nd period - Christoffer Ehn wins face-off versus Lucas Wallmark in Admirals zone.
1:53 of 2nd period - Wrist shot by Rem Pitlick.
1:53 of 2nd period - Stopped by Felix Sanstrom without a rebound.
1:54 of 2nd period - Sam Bennett wins face-off versus Lucas Wallmark in Admirals zone.
1:57 of 2nd period - Wrist shot by Anthony Cirelli.
1:57 of 2nd period - Shot Blocked by Andreas Englund.
1:59 of 2nd period - Snap shot by Jeremy Bracco.
1:59 of 2nd period - Goal by Jeremy Bracco - Crunch : 2 - Admirals : 2.
2:00 of 2nd period - Jeremy Bracco wins face-off versus Lucas Wallmark in neutral zone.
2:29 of 2nd period - Icing by Travis Dermott.
2:30 of 2nd period - Anton Gustafsson wins face-off versus Jacob Josefson in Admirals zone.
2:43 of 2nd period - Slapshot by Travis Dermott.
2:43 of 2nd period - Deflect By Jeremy Lauzon.
2:43 of 2nd period - Stopped by Kaapo Kahkonen with a rebound.
3:24 of 2nd period - Slapshot by Nolan Vesey.
3:24 of 2nd period - Stopped by Kaapo Kahkonen with a rebound.
3:38 of 2nd period - Brendan Guhle is hit by Kristian Vesalainen and loses puck.
5:01 of 2nd period - Jeremy Lauzon is hit by Christian Djoos and loses puck.
5:36 of 2nd period - Wrist shot by Michael Ferland.
5:36 of 2nd period - Shot Misses the Net.
5:38 of 2nd period - Slapshot by Jeremy Lauzon.
5:38 of 2nd period - Shot Blocked by Ian Mitchell.
6:14 of 2nd period - Off-side.
6:15 of 2nd period - Josh Norris wins face-off versus Connor Bunnaman in neutral zone.
7:14 of 2nd period - Slapshot by Noah Hanifin.
7:14 of 2nd period - Shot Misses the Net.
7:21 of 2nd period - Icing by Markus Granlund.
7:22 of 2nd period - Anton Gustafsson wins face-off versus Jacob Josefson in Admirals zone.
7:33 of 2nd period - Snap shot by Markus Granlund.
7:33 of 2nd period - Shot Misses the Net.
7:35 of 2nd period - Slapshot by Anton Gustafsson.
7:35 of 2nd period - Shot Blocked by Roland McKeown.
7:37 of 2nd period - Wrist shot by Joel Armia.
7:37 of 2nd period - Shot Misses the Net.
7:59 of 2nd period - Wrist shot by Joel Armia.
7:59 of 2nd period - Shot Blocked by Brendan Guhle.
8:01 of 2nd period - Slapshot by Joel Armia.
8:01 of 2nd period - Stopped by Kaapo Kahkonen without a rebound.
8:02 of 2nd period - Lucas Wallmark wins face-off versus Sam Bennett in Crunch zone.
8:10 of 2nd period - Off-side.
8:11 of 2nd period - Lucas Wallmark wins face-off versus Sam Bennett in neutral zone.
9:16 of 2nd period - Snap shot by Jeremy Bracco.
9:16 of 2nd period - Stopped by Felix Sanstrom with a rebound.
9:56 of 2nd period - Snap shot by Travis Dermott.
9:56 of 2nd period - Shot Blocked by Anthony Cirelli.
9:58 of 2nd period - Slapshot by T.J Brodie.
9:58 of 2nd period - Stopped by Kaapo Kahkonen with a rebound.
10:00 of 2nd period - Wrist shot by Mark McNeill.
10:00 of 2nd period - Stopped by Kaapo Kahkonen without a rebound.
10:01 of 2nd period - Anton Gustafsson wins face-off versus Christoffer Ehn in Crunch zone.
10:04 of 2nd period - Wrist shot by Anton Gustafsson.
10:04 of 2nd period - Shot Misses the Net.
10:16 of 2nd period - Backhand shot by Brendan Guhle.
10:16 of 2nd period - Stopped by Felix Sanstrom without a rebound.
10:17 of 2nd period - Nolan Vesey wins face-off versus Jacob Josefson in Admirals zone.
10:44 of 2nd period - Christoffer Ehn is hit by Joel Armia and loses puck.
10:53 of 2nd period - Backhand shot by Anton Gustafsson.
10:53 of 2nd period - Stopped by Kaapo Kahkonen with a rebound.
11:13 of 2nd period - Snap shot by Anatoli Golyshev.
11:13 of 2nd period - Stopped by Felix Sanstrom with a rebound.
11:27 of 2nd period - Snap shot by Brandon Hagel.
11:27 of 2nd period - Deflect By Jacob Josefson.
11:27 of 2nd period - Shot Blocked by Josh Norris.
11:27 of 2nd period - Puck is out of play.
11:28 of 2nd period - Jacob Josefson wins face-off versus Josh Norris in Admirals zone.
11:53 of 2nd period - Riley Barber is hit by Max McCormick.
12:36 of 2nd period - Markus Granlund is hit by Jacob Josefson.
12:40 of 2nd period - Snap shot by Jacob Josefson.
12:40 of 2nd period - Shot Misses the Net.
12:46 of 2nd period - Ian Mitchell is hit by Brandon Hagel and loses puck.
13:05 of 2nd period - Anton Gustafsson is hit by Roland McKeown and loses puck.
13:20 of 2nd period - Connor Bunnaman is hit by Lucas Wallmark and loses puck.
13:46 of 2nd period - Snap shot by Michael Ferland.
13:46 of 2nd period - Shot Misses the Net.
13:48 of 2nd period - Slapshot by Christoffer Ehn.
13:48 of 2nd period - Stopped by Felix Sanstrom without a rebound.
13:49 of 2nd period - Sam Bennett wins face-off versus Josh Norris in Admirals zone.
14:13 of 2nd period - Olli Juolevi is hit by Sam Bennett and loses puck.
14:22 of 2nd period - Slapshot by Riley Barber.
14:22 of 2nd period - Shot Misses the Net.
14:24 of 2nd period - Wrist shot by Nolan Vesey.
14:24 of 2nd period - Stopped by Kaapo Kahkonen without a rebound.
14:25 of 2nd period - Lucas Wallmark wins face-off versus Christoffer Ehn in Crunch zone.
14:30 of 2nd period - Wrist shot by Hunter Shinkaruk.
14:30 of 2nd period - Stopped by Kaapo Kahkonen with a rebound.
14:38 of 2nd period - Wrist shot by Lucas Wallmark.
14:38 of 2nd period - Stopped by Kaapo Kahkonen with a rebound.
14:59 of 2nd period - Wrist shot by Anton Gustafsson.
14:59 of 2nd period - Stopped by Kaapo Kahkonen without a rebound.
15:00 of 2nd period - Sam Bennett wins face-off versus Lucas Wallmark in Crunch zone.
15:06 of 2nd period - Slapshot by Hunter Shinkaruk.
15:06 of 2nd period - Shot Misses the Net.
15:10 of 2nd period - Snap shot by Hunter Shinkaruk.
15:10 of 2nd period - Shot Misses the Net.
15:12 of 2nd period - Snap shot by Lucas Wallmark.
15:12 of 2nd period - Stopped by Kaapo Kahkonen with a rebound.
15:14 of 2nd period - Wrist shot by Hunter Shinkaruk.
15:14 of 2nd period - Shot Misses the Net.
15:16 of 2nd period - Wrist shot by Hunter Shinkaruk.
15:16 of 2nd period - Shot Hit the Post.
16:00 of 2nd period - Riley Barber is hit by Jordan Oesterle and loses puck.
16:19 of 2nd period - Snap shot by Lucas Wallmark.
16:19 of 2nd period - Stopped by Kaapo Kahkonen without a rebound.
16:20 of 2nd period - Lucas Wallmark wins face-off versus Sam Bennett in Crunch zone.
16:52 of 2nd period - Snap shot by Rem Pitlick.
16:52 of 2nd period - Shot Blocked by Olli Juolevi.
16:54 of 2nd period - Slapshot by Jeremy Lauzon.
16:54 of 2nd period - Shot Misses the Net.
16:56 of 2nd period - Slapshot by Rem Pitlick.
16:56 of 2nd period - Shot Misses the Net.
17:10 of 2nd period - Reilly Walsh is hit by Sean Walker and loses puck.
17:21 of 2nd period - Reilly Walsh is hit by Brendan Guhle and loses puck.
17:34 of 2nd period - Travis Dermott is hit by Anatoli Golyshev and loses puck.
18:44 of 2nd period - Slapshot by Brett Connolly.
18:44 of 2nd period - Stopped by Kaapo Kahkonen with a rebound.
18:56 of 2nd period - Wrist shot by Michael Ferland.
18:56 of 2nd period - Shot Blocked by Ian Mitchell.
19:02 of 2nd period - Snap shot by Michael Ferland.
19:02 of 2nd period - Shot Blocked by Josh Norris.
19:22 of 2nd period - Wrist shot by Joel Vermin.
19:22 of 2nd period - Stopped by Felix Sanstrom with a rebound.
Goals for this period are 1 for Crunch vs 0 for Admirals.
Shots for this period are 9 for Crunch vs 14 for Admirals.

3rd period


0:01 of 3rd period - Anton Gustafsson wins face-off versus Christoffer Ehn in neutral zone.
0:14 of 3rd period - Wrist shot by Joel Armia.
0:14 of 3rd period - Shot Misses the Net.
1:07 of 3rd period - Snap shot by Nolan Vesey.
1:07 of 3rd period - Stopped by Kaapo Kahkonen with a rebound.
1:09 of 3rd period - Snap shot by Josh Norris.
1:09 of 3rd period - Shot Blocked by Max McCormick.
1:31 of 3rd period - Wrist shot by Rem Pitlick.
1:31 of 3rd period - Stopped by Felix Sanstrom with a rebound.
1:52 of 3rd period - Minor Penalty to Lucas Wallmark for Elbowing.
1:53 of 3rd period - Sam Bennett wins face-off versus Markus Granlund in Admirals zone.
2:28 of 3rd period - Slapshot by Jordan Oesterle.
2:28 of 3rd period - Deflect By Jeremy Bracco.
2:28 of 3rd period - Shot Misses the Net.
2:28 of 3rd period - Puck is out of play.
2:29 of 3rd period - Anthony Cirelli wins face-off versus Josh Norris in Admirals zone.
3:52 of 3rd period - Penalty to Lucas Wallmark is over, Lucas Wallmark is back on ice.
4:25 of 3rd period - Snap shot by Anatoli Golyshev.
4:25 of 3rd period - Stopped by Felix Sanstrom without a rebound.
4:26 of 3rd period - Joni Ikonen wins face-off versus Jacob Josefson in Admirals zone.
4:38 of 3rd period - Icing by Noah Hanifin.
4:39 of 3rd period - Lucas Wallmark wins face-off versus Jacob Josefson in Crunch zone.
4:45 of 3rd period - Icing by Jordan Oesterle.
4:46 of 3rd period - Lucas Wallmark wins face-off versus Joel Vermin in Crunch zone.
4:59 of 3rd period - Slapshot by Joel Vermin.
4:59 of 3rd period - Shot Blocked by Hunter Shinkaruk.
5:09 of 3rd period - Wrist shot by Jacob Josefson.
5:09 of 3rd period - Shot Blocked by Travis Dermott.
5:27 of 3rd period - T.J Brodie is hit by Brandon Hagel and loses puck.
5:42 of 3rd period - Snap shot by Jacob Josefson.
5:42 of 3rd period - Stopped by Felix Sanstrom with a rebound.
5:54 of 3rd period - Snap shot by Noah Hanifin.
5:54 of 3rd period - Stopped by Felix Sanstrom without a rebound.
5:55 of 3rd period - Sam Bennett wins face-off versus Lucas Wallmark in Admirals zone.
6:20 of 3rd period - Snap shot by Rem Pitlick.
6:20 of 3rd period - Stopped by Felix Sanstrom without a rebound.
6:21 of 3rd period - Anton Gustafsson wins face-off versus Christoffer Ehn in Admirals zone.
6:36 of 3rd period - Slapshot by Rem Pitlick.
6:36 of 3rd period - Deflect By Michael Ferland.
6:36 of 3rd period - Stopped by Felix Sanstrom without a rebound.
6:37 of 3rd period - Lucas Wallmark wins face-off versus Sam Bennett in Admirals zone.
6:42 of 3rd period - T.J Brodie is hit by Jeremy Bracco.
6:46 of 3rd period - Wrist shot by Mark McNeill.
6:46 of 3rd period - Shot Misses the Net.
6:48 of 3rd period - Slapshot by Hunter Shinkaruk.
6:48 of 3rd period - Shot Blocked by Roland McKeown.
8:10 of 3rd period - Wrist shot by Jeremy Bracco.
8:10 of 3rd period - Stopped by Felix Sanstrom with a rebound.
8:30 of 3rd period - Snap shot by Joel Vermin.
8:30 of 3rd period - Stopped by Felix Sanstrom with a rebound.
8:48 of 3rd period - Snap shot by Michael Ferland.
8:48 of 3rd period - Shot Misses the Net.
8:50 of 3rd period - Slapshot by Brendan Guhle.
8:50 of 3rd period - Deflect By Mark McNeill.
8:50 of 3rd period - Stopped by Felix Sanstrom with a rebound.
9:09 of 3rd period - Snap shot by Markus Granlund.
9:09 of 3rd period - Stopped by Kaapo Kahkonen with a rebound.
9:49 of 3rd period - Wrist shot by Anthony Cirelli.
9:49 of 3rd period - Stopped by Felix Sanstrom with a rebound.
9:51 of 3rd period - Backhand shot by Joel Vermin.
9:51 of 3rd period - Stopped by Felix Sanstrom without a rebound.
9:52 of 3rd period - Jacob Josefson wins face-off versus Joni Ikonen in Admirals zone.
10:02 of 3rd period - Brendan Guhle is hit by Kristian Vesalainen.
10:06 of 3rd period - Slapshot by Roland McKeown.
10:06 of 3rd period - Deflect By Brandon Hagel.
10:06 of 3rd period - Shot Misses the Net.
10:06 of 3rd period - Puck is out of play.
10:07 of 3rd period - Sam Bennett wins face-off versus Anton Gustafsson in Admirals zone.
10:12 of 3rd period - Snap shot by Sam Bennett.
10:12 of 3rd period - Stopped by Felix Sanstrom without a rebound.
10:13 of 3rd period - Anton Gustafsson wins face-off versus Sam Bennett in Admirals zone.
10:39 of 3rd period - Icing by Brendan Guhle.
10:40 of 3rd period - Lucas Wallmark wins face-off versus Michael Ferland in Crunch zone.
10:49 of 3rd period - Slapshot by Rem Pitlick.
10:49 of 3rd period - Stopped by Felix Sanstrom without a rebound.
10:50 of 3rd period - Anton Gustafsson wins face-off versus Anthony Cirelli in Admirals zone.
11:29 of 3rd period - Wrist shot by Hunter Shinkaruk.
11:29 of 3rd period - Shot Misses the Net.
11:53 of 3rd period - Backhand shot by Joel Vermin.
11:53 of 3rd period - Stopped by Felix Sanstrom with a rebound.
12:03 of 3rd period - Wrist shot by Riley Barber.
12:03 of 3rd period - Deflect By Joni Ikonen.
12:03 of 3rd period - Shot Blocked by Connor Bunnaman.
12:03 of 3rd period - Puck is out of play.
12:04 of 3rd period - Connor Bunnaman wins face-off versus Kristian Vesalainen in Crunch zone.
12:25 of 3rd period - Minor Penalty to Reilly Walsh for Holding Stick.
12:26 of 3rd period - Sam Bennett wins face-off versus Lucas Wallmark in Admirals zone.
12:33 of 3rd period - Slapshot by Rem Pitlick.
12:33 of 3rd period - Goal by Rem Pitlick - Crunch : 3 - Admirals : 2.
12:34 of 3rd period - Sam Bennett wins face-off versus Anton Gustafsson in neutral zone.
12:47 of 3rd period - Backhand shot by Travis Dermott.
12:47 of 3rd period - Shot Misses the Net.
12:49 of 3rd period - Snap shot by Markus Granlund.
12:49 of 3rd period - Shot Misses the Net.
12:59 of 3rd period - Travis Dermott is hit by Brendan Guhle and loses puck.
13:14 of 3rd period - Minor Penalty to Rem Pitlick for Hooking.
13:15 of 3rd period - Sam Bennett wins face-off versus Anton Gustafsson in Crunch zone.
13:24 of 3rd period - Anthony Cirelli is hit by Joel Armia and loses puck.
13:29 of 3rd period - Snap shot by Anton Gustafsson.
13:29 of 3rd period - Stopped by Kaapo Kahkonen with a rebound.
13:41 of 3rd period - Noah Hanifin is hit by Hunter Shinkaruk and loses puck.
15:14 of 3rd period - Penalty to Rem Pitlick is over, Rem Pitlick is back on ice.
15:20 of 3rd period - Brendan Guhle is hit by Brett Connolly and loses puck.
15:27 of 3rd period - Backhand shot by Mark McNeill.
15:27 of 3rd period - Shot Misses the Net.
15:29 of 3rd period - Snap shot by Mark McNeill.
15:29 of 3rd period - Shot Blocked by Michael Ferland.
15:31 of 3rd period - Slapshot by Christian Djoos.
15:31 of 3rd period - Deflect By Roland McKeown.
15:31 of 3rd period - Stopped by Kaapo Kahkonen without a rebound.
15:32 of 3rd period - Lucas Wallmark wins face-off versus Connor Bunnaman in Crunch zone.
15:33 of 3rd period - Wrist shot by Mark McNeill.
15:33 of 3rd period - Stopped by Kaapo Kahkonen without a rebound.
15:34 of 3rd period - Lucas Wallmark wins face-off versus Connor Bunnaman in Crunch zone.
15:35 of 3rd period - Wrist shot by Mark McNeill.
15:35 of 3rd period - Shot Misses the Net.
15:46 of 3rd period - Off-side.
15:47 of 3rd period - Sam Bennett wins face-off versus Anton Gustafsson in neutral zone.
16:32 of 3rd period - Icing by Ian Mitchell.
16:33 of 3rd period - Joni Ikonen wins face-off versus Jacob Josefson in Admirals zone.
16:35 of 3rd period - Icing by Ian Mitchell.
16:36 of 3rd period - Jacob Josefson wins face-off versus Joni Ikonen in Admirals zone.
16:46 of 3rd period - Andreas Englund is hit by Noah Hanifin and loses puck.
16:49 of 3rd period - Minor Penalty to Joel Vermin for High sticking.
16:50 of 3rd period - Sam Bennett wins face-off versus Anton Gustafsson in Crunch zone.
17:03 of 3rd period - Wrist shot by Anton Gustafsson.
17:03 of 3rd period - Stopped by Kaapo Kahkonen with a rebound.
17:05 of 3rd period - Slapshot by Travis Dermott.
17:05 of 3rd period - Shot Hit the Post.
17:15 of 3rd period - Brendan Guhle is hit by Josh Norris and loses puck.
18:19 of 3rd period - Icing by Anton Gustafsson.
18:20 of 3rd period - Sam Bennett wins face-off versus Josh Norris in Admirals zone.
18:49 of 3rd period - Penalty to Joel Vermin is over, Joel Vermin is back on ice.
19:02 of 3rd period - Admirals, Felix Sanstrom is pulled from the net.
19:14 of 3rd period - Snap shot by Markus Granlund.
19:14 of 3rd period - Stopped by Kaapo Kahkonen with a rebound.
19:16 of 3rd period - Slapshot by Olli Juolevi.
19:16 of 3rd period - Shot Blocked by Anthony Cirelli.
19:18 of 3rd period - Snap shot by Joel Armia.
19:18 of 3rd period - Shot Misses the Net.
19:26 of 3rd period - Snap shot by Markus Granlund.
19:26 of 3rd period - Stopped by Kaapo Kahkonen without a rebound.
19:27 of 3rd period - Wayne Gretzky call a timeout for Admirals.
19:27 of 3rd period - Brandon Hagel wins face-off versus Markus Granlund in Crunch zone.
19:36 of 3rd period - Snap shot by Anton Gustafsson.
19:36 of 3rd period - Shot Blocked by Brendan Guhle.
Goals for this period are 1 for Crunch vs 0 for Admirals.
Shots for this period are 15 for Crunch vs 8 for Admirals.